Map: Dusk Towers

Players

xKawaiian - Winner!

  • Race: Terran Terran
  • League: Master

Tiger

  • Race: Zerg Zerg
  • League: Grandmaster

VOD

Have the link to the VOD?

Description

Time

  • Played on: Jan. 16, 2016, 12:41 a.m.
  • Length: 10:11
Show
View Real Time Build Order
Export as new Build Order

xKawaiian Terran - Winner!

Build Orders: Reaper Expand, MMM Bio 

Get SALT Encoding   

  12  0:00  SCV  
  13  0:12  SCV  
  14  0:17  Supply Depot  
  14  0:25  SCV  
  15  0:39  SCV  
  15  0:41  Barracks  
  16  0:46  Refinery  
  16  0:51  SCV  
  17  1:03  SCV  
  18  1:15  SCV  
  19  1:29  Orbital Command  
  19  1:30  Reaper  
  20  1:39  Command Center  
  20  1:51  Supply Depot  
  20  1:54  SCV  
  21  2:04  Barracks Reactor  
  21  2:07  SCV  
  21  2:08  Barracks  
  22  2:18  Barracks  
  22  2:19  SCV  
  23  2:31  SCV  
  24  2:43  SCV  
  25  2:44  Marine x2  
  27  2:54  Orbital Command  
  27  2:55  SCV, Barracks Tech Lab  
  28  3:05  Factory  
  28  3:06  Marine  
  28  3:07  SCV, Refinery  
  28  3:08  Marine x2  
  32  3:14  Marine  
  32  3:19  SCV  
  35  3:20  SCV  
  35  3:24  Marine  
  35  3:26  Marine x2  
  38  3:31  SCV  
  38  3:32  SCV, Marine  
  41  3:42  Marine  
  41  3:43  Supply Depot, SCV  
  41  3:44  SCV, Marine  
  45  3:50  Starport  
  45  3:53  Factory Reactor  
  45  3:54  Marine  
  46  4:04  Supply Depot  
  46  4:05  SCV x2, Marine x2  
  46  4:06  Marine  
  46  4:07  Supply Depot  
  51  4:13  Marine  
  52  4:17  SCV x2  
  54  4:25  Marine x2  
  54  4:29  SCV  
  54  4:30  Supply Depot  
  57  4:35  Stimpack  
  57  4:37  Medivac x2  
  61  4:40  Command Center  
  61  4:41  SCV  
  61  4:43  SCV  
  61  4:44  Marine  
  64  4:46  Factory Reactor  
  64  4:47  Barracks Reactor  
  64  4:48  Marine  
  64  4:52  Marine  
  66  4:54  SCV  
  66  4:57  SCV  
  68  5:02  Marine  
  68  5:03  Supply Depot  
  68  5:06  Medivac, Marine  
  72  5:10  Marine  
  72  5:12  SCV x2  
  75  5:14  Engineering Bay  
  75  5:16  Engineering Bay  
  75  5:19  Refinery  
  75  5:20  Refinery, Marine  
  76  5:24  SCV  
  76  5:26  SCV  
  76  5:27  Marine x2  
  76  5:28  Marine x2  
  82  5:36  SCV  
  82  5:38  SCV  
  82  5:39  Supply Depot, Medivac  
  86  5:52  SCV, Orbital Command, Marine x5  
  91  6:07  Widow Mine x2  
  91  6:08  Medivac  
  91  6:09  Marine x4, Medivac  
  91  6:10  Marauder  
  97  6:20  Terran Infantry Weapons Level 1  
  97  6:21  Terran Infantry Armor Level 1  
  97  6:23  Orbital Command  
  93  6:27  Marine  
  93  6:29  Barracks  
  93  6:30  Barracks  
  93  6:31  Marauder  
  88  6:40  Marine  
  88  6:41  Medivac x2  
  88  6:44  Marine  
  94  6:49  SCV x2  
  94  6:51  SCV, Marine x2  
  94  6:53  Marauder  
  101  6:55  Widow Mine  
  103  7:08  SCV x2  
  104  7:09  SCV  
  104  7:12  Combat Shields  
  104  7:14  Marauder  
  107  7:20  Barracks Reactor, SCV x2  
  109  7:26  Barracks Tech Lab  
  109  7:27  SCV, Supply Depot  
  109  7:28  Supply Depot  
  110  7:30  Supply Depot  
  110  7:31  Command Center, Armory  
  110  7:36  Marine  
  110  7:37  Marauder, Marine x2  
  112  7:41  Marine  
  112  7:42  Medivac  
  117  7:48  Marauder  
  117  7:49  SCV x2  
  117  7:50  SCV  
  119  7:52  Refinery  
  119  7:54  Refinery, Marine x2  
  119  7:56  Marine  
  119  7:58  Supply Depot, Marauder  
  119  8:10  Marauder, Marine x2  
  119  8:12  Marine  
  117  8:13  SCV  
  117  8:14  SCV x2  
  117  8:17  Marine x2  
  117  8:18  Supply Depot  
  125  8:20  Marauder  
  125  8:22  Marine  
  125  8:25  SCV  
  127  8:27  Marine  
  127  8:28  SCV x2, Marine  
  131  8:35  Marine x2  
  131  8:39  Marine  
  131  8:40  Marine  
  137  8:41  Marauder  
  137  8:42  Concussive Shells, Marine  
  138  8:52  Marine x2  
  138  8:53  Marauder, Medivac x2  
  146  8:56  Marine  
  146  9:02  Marine  
  148  9:03  Marauder  
  148  9:05  Marine  
  148  9:06  Marine  
  149  9:10  Widow Mine x2  
  149  9:13  Marine  
  149  9:14  Barracks x2, Marauder  
  156  9:20  Marine x2  
  156  9:23  Marine, Medivac  
  163  9:24  Marauder  
  153  9:31  Marine  
  153  9:33  Marine  
  153  9:36  Marauder  
  153  9:37  Marine  
  138  9:39  Marine, Widow Mine  
  121  9:45  Marauder  
  121  9:47  Marine  
  121  9:48  Marine  
Show
View Real Time Build Order
Export as new Build Order

Tiger Zerg 

Build Orders: Hatch First 

Get SALT Encoding   

  12  0:00  Drone  
  13  0:12  Overlord  
  13  0:18  Drone  
  14  0:31  Drone x2  
  17  0:35  Drone  
  17  0:53  Hatchery  
  17  0:54  Drone  
  17  0:58  Drone  
  18  1:07  Extractor  
  17  1:13  Spawning Pool  
  17  1:16  Drone  
  17  1:19  Drone  
  18  1:29  Drone  
  19  1:39  Drone  
  20  1:50  Overlord  
  20  2:00  Queen  
  22  2:05  Drone x2, Queen  
  26  2:08  Metabolic Boost  
  26  2:12  Zergling x2  
  28  2:15  Zergling x2  
  28  2:22  Drone  
  29  2:27  Drone  
  30  2:40  Hatchery  
  29  2:44  Drone x3  
  29  2:49  Drone  
  32  2:56  Overlord  
  32  2:57  Queen  
  34  3:01  Zergling x2  
  35  3:06  Overlord  
  35  3:14  Overlord  
  35  3:15  Drone x3  
  38  3:21  Drone  
  38  3:23  Drone  
  38  3:25  Drone x3  
  43  3:32  Roach Warren  
  42  3:37  Drone x2  
  44  3:43  Extractor  
  44  3:45  Overlord  
  44  3:47  Drone  
  44  3:50  Zergling x6  
  44  3:55  Extractor  
  46  3:58  Queen  
  48  4:03  Drone x2  
  50  4:14  Roach x2  
  50  4:15  Roach  
  50  4:16  Roach x3  
  62  4:18  Roach  
  64  4:24  Overlord  
  64  4:25  Drone  
  65  4:40  Overlord  
  65  4:46  Drone x2  
  65  4:47  Drone x6  
  65  4:49  Overlord  
  65  4:52  Overlord  
  73  4:55  Overlord  
  73  4:58  Overlord  
  73  5:02  Roach x2  
  77  5:07  Lair  
  77  5:12  Evolution Chamber  
  76  5:15  Drone x2  
  78  5:21  Evolution Chamber  
  78  5:23  Roach x4  
  78  5:25  Ravager  
  78  5:26  Ravager x2  
  88  5:29  Drone  
  88  5:30  Drone x2  
  88  5:34  Spore Crawler  
  90  5:37  Overlord  
  90  5:38  Zerg Missile Weapons Level 1  
  90  5:44  Drone  
  90  5:47  Drone x2  
  93  5:51  Drone x6  
  93  5:56  Extractor  
  93  6:13  Drone  
  93  6:16  Drone  
  93  6:17  Drone x3  
  92  6:19  Drone  
  90  6:25  Drone x3  
  90  6:26  Roach x5  
  90  6:27  Roach  
  98  6:34  Roach x2  
  98  6:35  Roach  
  99  6:50  Drone x3  
  99  6:51  Extractor  
  99  6:52  Zerg Ground Armor Level 1  
  101  6:56  Roach x4  
  101  7:00  Queen  
  111  7:08  Drone  
  112  7:11  Overlord  
  112  7:14  Roach  
  112  7:15  Roach x4  
  122  7:20  Overlord  
  122  7:21  Overlord  
  122  7:23  Glial Reconstitution  
  122  7:27  Overlord  
  122  7:31  Drone x5  
  122  7:33  Drone  
  122  7:34  Drone x2  
  130  7:45  Overlord  
  130  7:49  Overlord  
  130  7:50  Roach x4  
  138  7:51  Ravager  
  138  7:52  Ravager  
  138  7:56  Extractor  
  133  8:06  Hatchery, Drone  
  133  8:07  Drone x8  
  135  8:15  Overlord  
  135  8:17  Roach x3  
  141  8:23  Overlord  
  141  8:25  Roach x3  
  147  8:31  Roach x2  
  146  8:36  Roach x2  
  146  8:38  Overseer x2  
  145  8:44  Ravager x4  
  145  8:46  Roach x3  
  155  8:53  Roach x3  
  155  8:54  Roach  
  163  9:08  Overlord x2  
  160  9:12  Roach x3  
  160  9:13  Roach  
  160  9:16  Roach  
  146  9:37  Roach x4  
  146  9:38  Roach x4  
  103  9:46  Roach x2  
Tags
 
Add a new tag
Caveats
  • Supply blocks, unpowered buildings, or Contaminate may cause inaccurate times.
  • Supply counts are checked every 10 seconds.